SAA
LANCASTER FARMERS @ LONG ISLAND SEAWOLVES
05/30/2024
 
TOP OF THE 1ST
Lancaster Farmers batting - Pitching for Long Island Seawolves : RHP Jim Unknown
Pitching: RHP Jim Unknown
Batting: SHB Orlando Miranda 0-0: Ball
1-0: Swinging Strike
1-1: Ball
2-1: Fly out, F9 (Flyball, 89S)
Batting: RHB Domenic Gallard 0-0: Ball
1-0: Ball
2-0: Ball
3-0: Called Strike
3-1: Base on Balls
Batting: RHB Ricardo Pacheco 0-0: Ball
1-0: Foul Ball, location: 2F
1-1: Fly out, F9 (Flyball, 9M)
Batting: LHB Rob Wilson 0-0: Ball
1-0: Foul Ball, location: 2F
1-1: Called Strike
1-2: Strikes out swinging
Top of the 1st over - 0 run(s), 0 hit(s), 0 error(s), 1 left on base; Lancaster 0 - Long Island 0
BOTTOM OF THE 1ST
Long Island Seawolves batting - Pitching for Lancaster Farmers : RHP Paco Peña
Pitching: RHP Paco Peña
Batting: RHB Walter Hurlson 0-0: Foul Ball, location: 2F
0-1: Ball
1-1: Called Strike
1-2: Ball
2-2: Strikes out swinging
Batting: RHB Francisco García 0-0: Called Strike
0-1: Called Strike
0-2: Ball
1-2: Ball
2-2: Foul Ball, location: 2F
2-2: Fly out, F8 (Flyball, 8LD)
Batting: RHB Manuel Martínez 0-0: Ball
1-0: Called Strike
1-1: Ground out 5-3 (Groundball, 56)
Bottom of the 1st over - 0 run(s), 0 hit(s), 0 error(s), 0 left on base; Lancaster 0 - Long Island 0
TOP OF THE 2ND
Lancaster Farmers batting - Pitching for Long Island Seawolves : RHP Jim Unknown
Batting: RHB Barkley B. Cooltimes 0-0: Fly out, F9 (Flyball, 89M)
Batting: RHB António Jiménez 0-0: Ball
1-0: Called Strike
1-1: Called Strike
1-2: Ball
2-2: Ground out 1-3 (Groundball, 15)
Batting: LHB Ramón Gómez 0-0: Ball
1-0: Called Strike
1-1: Foul Ball, location: 2F
1-2: SINGLE (Line Drive, 8LS)
Batting: LHB Brad Tillman 0-0: Ball
1-0: Called Strike
1-1: Ball
2-1: Ball
Ramón Gómez steals 2nd base
3-1: Called Strike
3-2: Foul Ball, location: 2F
3-2: Foul Ball, location: 2F
3-2: SINGLE (Line Drive, 6M)
Ramón Gómez to third
Ramón Gómez scores
Batting: RHB António Gonzáles 0-0: SINGLE (Groundball, 56S)
Brad Tillman to second
Batting: SHB Orlando Miranda 0-0: Swinging Strike
0-1: Ball
1-1: Fly out, F8 (Flyball, 89M)
Top of the 2nd over - 1 run(s), 3 hit(s), 0 error(s), 2 left on base; Lancaster 1 - Long Island 0
BOTTOM OF THE 2ND
Long Island Seawolves batting - Pitching for Lancaster Farmers : RHP Paco Peña
Batting: RHB Jim Unknown 0-0: Foul Ball, location: 2F
0-1: Ball
1-1: SINGLE (Groundball, 13) (infield hit)
Batting: RHB Edgar Carrillo 0-0: Ball
1-0: Foul Ball, location: 2F
1-1: Swinging Strike
1-2: Ball
2-2: Ball
3-2: Strikes out swinging
Batting: LHB Héctor Gonzáles 0-0: Ball
1-0: DOUBLE (Flyball, 8RD)
Jim Unknown to third
Runner from 3rd tries for Home, SAFE, no throw or cutoff
Batting: RHB Rafael Canseco 0-0: Ball
1-0: Ball
2-0: Called Strike
2-1: Ball
3-1: Swinging Strike
3-2: Foul Ball, location: 2F
3-2: Foul Ball, location: 2F
3-2: Base on Balls
Batting: SHB Jim Unknown 0-0: Foul Ball, location: 2F
0-1: Called Strike
0-2: Ball
1-2: Ball
Wild Pitch!
Héctor Gonzáles to third
Rafael Canseco to second
2-2: Ball
3-2: SINGLE (Line Drive, 4MD)
Héctor Gonzáles scores
Rafael Canseco to third
Batting: LHB Jim Unknown 0-0: 3-RUN HOME RUN (Line Drive, 89XD), Distance : 368 ft
Batting: RHB Walter Hurlson 0-0: Called Strike
0-1: Foul Ball, location: 2F
0-2: Foul Ball, location: 2F
0-2: SINGLE (Line Drive, 56)
Batting: RHB Francisco García 0-0: Ball
Walter Hurlson steals 2nd base
1-0: Ball
2-0: Foul Ball, location: 2F
2-1: Ball
3-1: Foul Ball, location: 2F
3-2: Base on Balls
Batting: RHB Manuel Martínez 0-0: Swinging Strike
0-1: Swinging Strike
0-2: Grounds into double play, 6-4-3 (Groundball, 6)
Bottom of the 2nd over - 5 run(s), 5 hit(s), 0 error(s), 1 left on base; Lancaster 1 - Long Island 5
TOP OF THE 3RD
Lancaster Farmers batting - Pitching for Long Island Seawolves : RHP Jim Unknown
Batting: RHB Domenic Gallard 0-0: Called Strike
0-1: Foul Ball, location: 2F
0-2: Ball
1-2: Ball
2-2: Foul Ball, location: 2F
2-2: Foul Ball, location: 2F
2-2: Foul Ball, location: 2F
2-2: Strikes out looking
Batting: RHB Ricardo Pacheco 0-0: Foul Ball, location: 2F
0-1: Ball
1-1: Ball
2-1: Ground out 4-3 (Groundball, 4)
Batting: LHB Rob Wilson 0-0: Foul Ball, location: 2F
0-1: Ball
1-1: Ball
2-1: Called Strike
2-2: Strikes out looking
Top of the 3rd over - 0 run(s), 0 hit(s), 0 error(s), 0 left on base; Lancaster 1 - Long Island 5
BOTTOM OF THE 3RD
Long Island Seawolves batting - Pitching for Lancaster Farmers : RHP Paco Peña
Batting: RHB Jim Unknown 0-0: Ball
1-0: Called Strike
1-1: Fly out, F8 (Flyball, 78M)
Batting: RHB Edgar Carrillo 0-0: Swinging Strike
0-1: Ball
1-1: Called Strike
1-2: Ball
2-2: Strikes out swinging
Batting: LHB Héctor Gonzáles 0-0: Foul Ball, location: 2F
0-1: Called Strike
0-2: Strikes out swinging
Bottom of the 3rd over - 0 run(s), 0 hit(s), 0 error(s), 0 left on base; Lancaster 1 - Long Island 5
TOP OF THE 4TH
Lancaster Farmers batting - Pitching for Long Island Seawolves : RHP Jim Unknown
Batting: RHB Barkley B. Cooltimes 0-0: Called Strike
0-1: Ball
1-1: Ground out 1-3 (Groundball, 15)
Batting: RHB António Jiménez 0-0: Foul Ball, location: 2F
0-1: SINGLE (Groundball, 34D)
Batting: LHB Ramón Gómez Pickoff Throw to First - Error! E1
António Jiménez to second
0-0: Ball
1-0: Foul Ball, location: 2F
1-1: Foul Ball, location: 2F
1-2: Ball
2-2: Foul Ball, location: 2F
2-2: Ground out 6-3 (Groundball, 6M)
António Jiménez to third
Batting: LHB Brad Tillman 0-0: Ball
1-0: Foul Ball, location: 2F
1-1: Fly out, F8 (Flyball, 8LD)
Top of the 4th over - 0 run(s), 1 hit(s), 1 error(s), 1 left on base; Lancaster 1 - Long Island 5
BOTTOM OF THE 4TH
Long Island Seawolves batting - Pitching for Lancaster Farmers : RHP Paco Peña
Batting: RHB Rafael Canseco 0-0: Ball
1-0: Called Strike
1-1: Foul Ball, location: 2F
1-2: Ball
2-2: Strikes out looking
Batting: SHB Jim Unknown 0-0: Ball
1-0: Foul Ball, location: 2F
1-1: Swinging Strike
1-2: Strikes out swinging
Batting: LHB Jim Unknown 0-0: Called Strike
0-1: Called Strike
0-2: Foul Ball, location: 2F
0-2: Ball
1-2: Fly out, F8 (Flyball, 8LXD)
Bottom of the 4th over - 0 run(s), 0 hit(s), 0 error(s), 0 left on base; Lancaster 1 - Long Island 5
TOP OF THE 5TH
Lancaster Farmers batting - Pitching for Long Island Seawolves : RHP Jim Unknown
Batting: RHB António Gonzáles 0-0: Ground out 5-3 (Groundball, 56)
Batting: SHB Orlando Miranda 0-0: Ground out 6-3 (Groundball, 6M)
Batting: RHB Domenic Gallard 0-0: DOUBLE (Flyball, 89M)
Batting: RHB Ricardo Pacheco 0-0: Ball
1-0: Ball
2-0: Ball
3-0: Base on Balls
Batting: LHB Rob Wilson 0-0: Swinging Strike
0-1: Foul Ball, location: 2F
0-2: Ball
1-2: Ball
2-2: Foul Ball, location: 2F
2-2: Ground out U3 (Groundball, 3S)
Top of the 5th over - 0 run(s), 1 hit(s), 0 error(s), 2 left on base; Lancaster 1 - Long Island 5
BOTTOM OF THE 5TH
Long Island Seawolves batting - Pitching for Lancaster Farmers : RHP Paco Peña
Batting: RHB Walter Hurlson 0-0: Fly out, F9 (Flyball, 89M)
Batting: RHB Francisco García 0-0: Called Strike
0-1: Called Strike
0-2: Fly out, F9 (Popup, 8RS)
Batting: RHB Manuel Martínez 0-0: Foul Ball, location: 2F
0-1: Ball
1-1: Swinging Strike
1-2: Ball
2-2: Ball
3-2: Fly out, F8 (Flyball, 8RM)
Bottom of the 5th over - 0 run(s), 0 hit(s), 0 error(s), 0 left on base; Lancaster 1 - Long Island 5
TOP OF THE 6TH
Lancaster Farmers batting - Pitching for Long Island Seawolves : RHP Jim Unknown
Batting: RHB Barkley B. Cooltimes 0-0: Called Strike
0-1: Ball
1-1: SINGLE (Line Drive, 56D)
Batting: RHB António Jiménez Pickoff Throw to First - Error! E1
Barkley B. Cooltimes to second
0-0: Ball
1-0: Ball
2-0: Called Strike
2-1: Ball
3-1: Base on Balls
Batting: LHB Ramón Gómez 0-0: Ball
1-0: Called Strike
1-1: Ball
2-1: Called Strike
2-2: Ball
3-2: Strikes out swinging
Batting: LHB Brad Tillman 0-0: Ball
1-0: Ball
2-0: Called Strike
2-1: Swinging Strike
2-2: TRIPLE (Line Drive, 8RM)
Barkley B. Cooltimes scores
António Jiménez scores
Batting: RHB António Gonzáles 0-0: Ball
1-0: Ball
2-0: Foul Ball, location: 2F
2-1: Ground out 4-3 (Groundball, 4)
Brad Tillman scores
Batting: SHB Orlando Miranda 0-0: Called Strike
0-1: Ball
1-1: Foul Ball, location: 2F
1-2: Foul Ball, location: 2F
1-2: Ball
2-2: Foul Ball, location: 2F
2-2: Ball
3-2: Foul Ball, location: 2F
3-2: Foul Ball, location: 2F
3-2: Foul Ball, location: 2F
3-2: Fly out, F9 (Flyball, 9M)
Top of the 6th over - 3 run(s), 2 hit(s), 1 error(s), 0 left on base; Lancaster 4 - Long Island 5
BOTTOM OF THE 6TH
Long Island Seawolves batting - Pitching for Lancaster Farmers : RHP Paco Peña
Batting: RHB Jim Unknown 0-0: SINGLE (Line Drive, 8LS)
Batting: RHB Edgar Carrillo 0-0: Foul Ball, location: 2F
0-1: Swinging Strike
0-2: Ball
1-2: Strikes out swinging
Batting: LHB Héctor Gonzáles 0-0: Swinging Strike
0-1: Fly out, F8 (Flyball, 8LM)
Batting: RHB Rafael Canseco 0-0: Called Strike
Jim Unknown steals 2nd base
0-1: Fly out, F9 (Flyball, 9M)
Bottom of the 6th over - 0 run(s), 1 hit(s), 0 error(s), 1 left on base; Lancaster 4 - Long Island 5
TOP OF THE 7TH
Lancaster Farmers batting - Pitching for Long Island Seawolves : RHP Jim Unknown
Pitching: LHP Jesse Sparkman
Batting: RHB Domenic Gallard 0-0: Called Strike
0-1: Ground out 4-3 (Groundball, 4)
Batting: RHB Ricardo Pacheco 0-0: Called Strike
0-1: Ball
1-1: Fly out, F9 (Flyball, 89M)
Batting: LHB Rob Wilson 0-0: Ball
1-0: Ball
2-0: Called Strike
2-1: Called Strike
2-2: Strikes out looking
Top of the 7th over - 0 run(s), 0 hit(s), 0 error(s), 0 left on base; Lancaster 4 - Long Island 5
BOTTOM OF THE 7TH
Long Island Seawolves batting - Pitching for Lancaster Farmers : RHP Paco Peña
Batting: SHB Jim Unknown 0-0: Ground out 6-3 (Groundball, 6)
Batting: LHB Jim Unknown 0-0: Foul Ball, location: 2F
0-1: Ball
1-1: Called Strike
1-2: Ball
2-2: Ball
3-2: Ground out 2-3 (Groundball, 2R)
Batting: RHB Walter Hurlson 0-0: Called Strike
0-1: Ball
1-1: Ball
2-1: Fly out, F7 (Flyball, 7M)
Bottom of the 7th over - 0 run(s), 0 hit(s), 0 error(s), 0 left on base; Lancaster 4 - Long Island 5
TOP OF THE 8TH
Lancaster Farmers batting - Pitching for Long Island Seawolves : LHP Jesse Sparkman
Pitching: RHP Nick Richie
Batting: RHB Barkley B. Cooltimes 0-0: Ball
1-0: Foul Ball, location: 2F
1-1: Swinging Strike
1-2: Foul Ball, location: 2F
1-2: Foul Ball, location: 2F
1-2: Foul Ball, location: 2F
1-2: Strikes out swinging
Batting: RHB António Jiménez 0-0: Ball
1-0: Swinging Strike
1-1: Called Strike
1-2: Foul Ball, location: 2F
1-2: Ball
2-2: Ball
3-2: Base on Balls
Pitching: LHP Jorge Ayala
Pinch Hitting: RHB Albert Díaz 0-0: Ball
1-0: Swinging Strike
1-1: Ball
2-1: Ball
3-1: Base on Balls
António Jiménez to second
Batting: LHB Brad Tillman 0-0: Swinging Strike
0-1: Swinging Strike
0-2: Foul Ball, location: 2F
0-2: Ball
1-2: Ball
2-2: Strikes out swinging
Pitching: RHP Jim Meyer
Batting: RHB António Gonzáles 0-0: Called Strike
0-1: Ball
1-1: Ball
2-1: Foul Ball, location: 2F
2-2: Foul Ball, location: 2F
2-2: SINGLE (Line Drive, 7S)
António Jiménez to third
Albert Díaz to second
Runner from 3rd tries for Home, SAFE, no throw or cutoff
Pinch Hitting: RHB Henry Womack 0-0: Ball
1-0: Called Strike
1-1: Foul Ball, location: 2F
1-2: Strikes out looking
Top of the 8th over - 1 run(s), 1 hit(s), 0 error(s), 2 left on base; Lancaster 5 - Long Island 5
BOTTOM OF THE 8TH
Long Island Seawolves batting - Pitching for Lancaster Farmers : RHP Paco Peña
Pitching: LHP António Torrez
Now at SS: Albert Díaz
Now in CF: Carl Bryant
Batting: RHB Francisco García 0-0: Foul Ball, location: 2F
0-1: Ball
1-1: Ball
2-1: Called Strike
2-2: Ball
3-2: Strikes out looking
Batting: RHB Manuel Martínez 0-0: SINGLE (Line Drive, 34)
Pinch Hitting: RHB Arturo Morales 0-0: Ball
1-0: Ball
2-0: Foul Ball, location: 2F
2-1: Foul Ball, location: 2F
2-2: SINGLE (Line Drive, 8LS)
Manuel Martínez to second
Batting: RHB Edgar Carrillo 0-0: Ball
1-0: Ball
2-0: Ball
3-0: Fly out, F8 (Popup, 4D)
Batting: LHB Héctor Gonzáles 0-0: Called Strike
0-1: Fly out, F5 (Line Drive, 5S)
Bottom of the 8th over - 0 run(s), 2 hit(s), 0 error(s), 2 left on base; Lancaster 5 - Long Island 5
TOP OF THE 9TH
Lancaster Farmers batting - Pitching for Long Island Seawolves : RHP Jim Meyer
Pitching: LHP Jim Unknown
Now at SS: Jim Unknown
Batting: RHB Domenic Gallard 0-0: Ball
1-0: Foul Ball, location: 2F
1-1: SINGLE (Line Drive, 89S)
Batting: RHB Ricardo Pacheco 0-0: Called Strike
0-1: Ball
1-1: Hit by Pitch
Domenic Gallard to second
Pinch Hitting: RHB Rodrigo Velasco 0-0: Fly out, F8 (Flyball, 8LM)
Batting: RHB Barkley B. Cooltimes 0-0: Called Strike
0-1: Ball
1-1: Foul Ball, location: 2F
1-2: Ground out 5-3 (Groundball, 56S)
Domenic Gallard to third
Ricardo Pacheco to second
Batting: RHB António Jiménez 0-0: 3-RUN HOME RUN (Flyball, 7LD), Distance : 341 ft
Pitching: RHP Santos Guzowski
Batting: RHB Albert Díaz 0-0: Ball
1-0: Ball
2-0: Fly out, F2 (Popup, 23F)
Top of the 9th over - 3 run(s), 2 hit(s), 0 error(s), 0 left on base; Lancaster 8 - Long Island 5
BOTTOM OF THE 9TH
Long Island Seawolves batting - Pitching for Lancaster Farmers : LHP António Torrez
Pitching: RHP Kyle Lucas
Now at 2B: Eric Howard
Now in RF: Janghyun Sam
Batting: RHB Rafael Canseco 0-0: Swinging Strike
0-1: Swinging Strike
0-2: Ball
1-2: Ball
2-2: Strikes out swinging
Batting: SHB Jim Unknown 0-0: Ball
1-0: Fly out, F8 (Flyball, 8LXD)
Batting: LHB Jim Unknown 0-0: Ball
1-0: Swinging Strike
1-1: Called Strike
1-2: Ball
2-2: Foul Ball, location: 2F
2-2: Foul Ball, location: 2F
2-2: Fly out, F8 (Flyball, 78M)
Bottom of the 9th over - 0 run(s), 0 hit(s), 0 error(s), 0 left on base; Lancaster 8 - Long Island 5
This league is powered by Out of the Park Baseball, the baseball management simulation game for PC, Mac and Linux
Monday, October 3rd, 2016 - OOTP Baseball 16.9 Build 39